 Seeded DCSS version 0.29.1-13-g9f3cf754e1 (webtiles) character file.

Game seed: 16245865983455551772 (custom seed)

5875 Trevise the Thaumaturge (level 10, -3/69 HPs)
             Began as a White Draconian Conjurer on Jan 24, 2023.
             Was a Believer of Sif Muna.
             Slain by a hornet (4 damage)
             ... on level 8 of the Dungeon.
             The game lasted 00:24:35 (10414 turns).

Trevise the Thaumaturge (White Draconian Conjurer) Turns: 10414, Time: 00:24:36

Health: -3/69      AC:  9    Str: 10    XL:     10   Next: 52%
Magic:  12/24      EV: 12    Int: 35    God:    Sif Muna [**....]
Gold:   1093       SH:  0    Dex: 11    Spells: 16/30 levels left

rFire   . . .      SeeInvis .   w - staff of conjuration
rCold   + + +      Faith    .   (no shield)
rNeg    . . .      Spirit   .   (body armour unavailable)
rPois   .          Reflect  .   a - +0 hat of Zunexkuiho {Drain rC+++ Regen+ Dex+2}
rElec   .          Harm     .   H - scarf {+Inv}
rCorr   .          Rampage  .   z - +1 pair of gloves
Will    .....                   (no boots)
Stlth   ++........              o - amulet of regeneration
HPRegen 1.81/turn               I - +6 ring of intelligence
MPRegen 0.19/turn               f - +6 ring of intelligence

@: lethally poisoned (-3 -> -5), slowed, very slow
A: breathe frost, AC +7, unfitting armour, cold resistance 1, cold-blooded
a: Breathe Frost, Renounce Religion, Evoke Invisibility, Channel Magic


You were on level 8 of the Dungeon.
You worshipped Sif Muna.
Sif Muna was pleased with you.
You visited 2 branches of the dungeon, and saw 9 of its levels.

You collected 1405 gold pieces.
You spent 312 gold pieces at shops.

Inventory:

Missiles
 d - 37 poisoned darts
 s - 62 stones
 x - 2 curare-tipped darts
 C - 6 silver boomerangs
Armour
 a - the +0 hat of Zunexkuiho (worn) {Drain rC+++ Regen+ Dex+2}
   (You acquired it on level 1 of the Dungeon)

   Dex:       It affects your dexterity (+2).
   rC:        It renders you almost immune to cold.
   Regen:     It increases your rate of health regeneration.
   Drain:     It drains your maximum health when unequipped.
 z - a +1 pair of gloves (worn)
   (You found it on level 6 of the Dungeon)
 H - a scarf of invisibility (worn)
   (You found it on level 7 of the Dungeon)
Magical Staves
 w - a staff of conjuration (weapon)
   (You acquired it on level 1 of the Dungeon)
 G - a staff of poison {rPois}
   (You found it on level 7 of the Dungeon)
Jewellery
 c - a ring of ice {rC+, rF-}
   (You found it on level 5 of the Dungeon)
 f - a +6 ring of intelligence (right hand)
   (You found it on level 1 of the Dungeon)
 o - an amulet of regeneration (around neck)
   (You found it on level 3 of the Dungeon)
 I - a +6 ring of intelligence (left hand)
   (You found it on level 1 of the Dungeon)
 K - a +6 ring of intelligence
   (You took it off an orc on level 8 of the Dungeon)
Wands
 e - a wand of charming (11)
   (You found it on level 7 of the Dungeon)
 l - a wand of roots (25)
   (You found it on level 3 of the Dungeon)
 q - a wand of flame (96)
   (You took it off Natasha on level 3 of the Dungeon)
Scrolls
 i - 2 scrolls of summoning {unknown}
 j - 9 scrolls of identify {unknown}
 k - a scroll of enchant weapon {unknown}
 m - a scroll of noise {unknown}
 n - 3 scrolls of immolation {unknown}
 t - a scroll of silence {unknown}
 v - a scroll of butterflies {unknown}
 y - a scroll of acquirement
 A - a scroll of amnesia {unknown}
 D - 9 scrolls of teleportation {unknown}
 E - a scroll of poison {unknown}
 L - a scroll of enchant armour {unknown}
Potions
 b - 2 potions of flight {unknown}
 g - a potion of might {unknown}
 h - 2 potions of lignification {unknown}
 p - a potion of berserk rage {unknown}
 r - a potion of heal wounds {unknown}
 u - 4 potions of brilliance {unknown}
 B - 2 potions of attraction {unknown}
 F - 2 potions of degeneration {unknown}
 J - 3 potions of curing {@q1}
 M - a potion of magic


   Skills:
 - Level 1.7 Dodging
 - Level 1.7 Stealth
 * Level 10.9 Spellcasting
 + Level 9.2 Conjurations
 + Level 8.2 Ice Magic
 + Level 1.0 Invocations


You had 16 spell levels left.
You knew the following spells:

 Your Spells              Type           Power      Damage    Failure   Level
a - Magic Dart            Conj           100%       1d8       1%          1
b - Searing Ray           Conj           100%       2d8       1%          2
c - Fulminant Prism       Conj/Hex       33%        3d16      3%          4
x - Iskenderun's Mystic   Conj/Tloc      67%        2d14      3%          4
A - Ozocubu's Armour      Ice            67%        N/A       1%          3

Your spell library contained the following spells:

 Spells                   Type           Power      Damage    Failure   Level
 Dazzling Flash           Conj/Hex       100%       N/A       1%          3
 Sting                    Tmut/Pois      76%        1d6       2%          1
 Blink                    Tloc           38%        N/A       3%          2
 Poisonous Vapours        Pois/Air       38%        N/A       3%          2
 Confusing Touch          Hex            19%        N/A       7%          3
 Lesser Beckoning         Tloc           19%        N/A       7%          3
 Olgreb's Toxic Radiance  Pois           19%        N/A       22%         4
 Manifold Assault         Tloc           19%        N/A       54%         5
 Yara's Violent Unravell  Hex/Tmut       9%         3d6       54%         5
 Ozocubu's Refrigeration  Ice            33%        4d14      54%         7
 Enfeeble                 Hex            9%         N/A       100%        7
 Chain Lightning          Conj/Air       33%        3d44      100%        9
 Fire Storm               Conj/Fire      33%        8d9       100%        9
 Shatter                  Erth           9%         3d11*     100%        9


Dungeon Overview and Level Annotations

Branches:
Dungeon (8/15)             Temple (1/1) D:5            Lair (0/5) D:8

Altars:
Cheibriados
Dithmenos
Fedhas
Hepliaklqana
Kikubaaqudgha
Makhleb
Qazlal
Sif Muna
Trog
Vehumet
Yredelemnul
Zin

Shops:
D:3 [   D:4 *:[   D:7 =


Innate Abilities, Weirdness & Mutations

You can breathe waves of freezing cold which knock back foes.
Your icy white scales are hard. (AC +7)
You cannot fit into any form of body armour.
Your flesh is cold resistant. (rC+)
You are cold-blooded and may be slowed by cold attacks.


Message History

Things that are here:
a +0 club; a +0 short sword
Found a stone staircase leading up.
Things that are here:
a +0 club; a +0 leather armour You see here a +0 whip.
You see here a +0 club.
Items here: )))) [.
You see here a +0 dagger of electrocution.
You see here a +0 dagger of electrocution.
Items here: )))) [.
You see here a +0 whip.
Things that are here:
a +1 dagger of chaos; a +0 robe
Things that are here:
a +1 dagger of chaos; a +0 robe You see here a +0 whip.
Items here: )))) [.
Things that are here:
a +0 dagger; a +0 robe
Things that are here:
a +0 dagger; a +0 ring mail
There is an escape hatch in the ceiling here.
A hornet comes into view.
You feel a surge of power!
The magic dart hits the hornet but does no damage.
You now have 23/24 mp.
You feel a surge of power!
The magic dart hits the hornet.
You now have 22/24 mp.
Aim: a hornet (lightly wounded, 74% to hit)
You feel a surge of power!
The searing ray hits the hornet. (Press . to maintain the ray.)
You now have 20/24 mp.
The searing ray hits the hornet.
The hornet stings you but does no damage.
You now have 19/24 mp.
The searing ray hits the hornet.
The hornet stings you.
You are poisoned.
You feel yourself slow down.
You take 2 damage, and have 67/69 hp.
Restarting spell: Searing Ray (safe; 1% risk of failure)
Aim: a hornet (heavily wounded, 74% to hit)
You feel a surge of power!
The searing ray hits the hornet. (Press . to maintain the ray.)
You feel very sick. The hornet stings you!
You suddenly lose the ability to move!
The hornet stings you.
You feel as though you will be slow longer.
You feel sick.
The hornet stings you but does no damage.
The hornet stings you.
You feel as though you will be slow longer.
You can move again.
You take 18 damage, and have 49/69 hp.
MASSIVE DAMAGE!!
You now have 17/24 mp.
You feel sick. The hornet stings you.
You are more poisoned.
You feel as though you will be slow longer.
The hornet stings you but does no damage.
You take 5 damage, and have 44/69 hp.
Aim: a hornet (severely wounded, 74% to hit)
You feel a surge of power!
The searing ray hits the hornet. (Press . to maintain the ray.)
You feel very sick. The hornet closely misses you. The hornet stings you.
You feel as though you will be slow longer.
You take 2 damage, and have 42/69 hp.
You now have 16/24 mp.
The searing ray hits the hornet.
You feel very sick. The hornet stings you.
You are more poisoned.
You feel as though you will be slow longer.
The hornet completely misses you. The hornet misses you.
You take 5 damage, and have 37/69 hp.
You now have 15/24 mp.
The searing ray misses the hornet.
You feel very sick. The hornet misses you. The hornet stings you!
You are more poisoned.
You feel as though you will be slow longer.
You take 15 damage, and have 22/69 hp.
MASSIVE DAMAGE!!
You now have 14/24 mp.
Restarting spell: Searing Ray (safe; 1% risk of failure)
Aim: a hornet (almost dead, 74% to hit)
You feel a surge of power!
The searing ray hits the hornet. (Press . to maintain the ray.)
You feel very sick. The hornet stings you!
* * * LOW HITPOINT WARNING * * *
You feel as though you will be slow longer.
The hornet closely misses you.
You take 11 damage, and have 11/69 hp.
You now have 13/24 mp.
The searing ray misses the hornet.
You feel very sick. The hornet stings you!
* * * LOW HITPOINT WARNING * * *
You feel as though you will be slow longer.
The hornet stings you.
You die...

...########.#######
...########.#.....#
............#.###.####
............#.#<.....#
............#.##.....#
............#........#
.............<.......#
...........####......#
############ #.@....#
#.y....# ##.....#
#.....# #.....#
#.....# #.....#
#######


You could see a hornet.

Vanquished Creatures
  Amaemon (D:8)
  Maurice (D:8)
  Joseph (D:8)
  An orange demon (D:8)
  Psyche (D:8)
  Sigmund (D:5)
  2 yaks (D:8)
  A steam dragon (D:7)
  A water moccasin (D:6)
  2 ice beasts
  3 orc warriors
  3 black bears
  An ogre (D:4)
  A phantom (D:6)
  2 centaurs
  4 kobold brigands
  4 bullfrogs
  2 necrophages
  6 scorpions
  4 wights (D:7)
  4 killer bees (D:8)
  4 howler monkeys
  4 orc priests
  A gnoll bouda (D:7)
  4 hounds
  An iron imp (D:4)
  Jessica (D:2)
  2 iguanas
  6 orc wizards
  Natasha (thrice) (D:3)
  A hound skeleton (D:4)
  8 gnolls
  5 adders
  A white imp (D:5)
  A dart slug (D:5)
  20 orcs
  6 ball pythons
  3 bats
  8 endoplasms
  A giant cockroach (D:4)
  5 goblins
  8 hobgoblins
  26 kobolds
  4 quokkas
  3 frilled lizards
  7 rats
179 creatures vanquished.

Vanquished Creatures (others)
  33 fulminant prisms
  22 fungi (D:8)
  21 plants
76 creatures vanquished.

Grand Total: 255 creatures vanquished

Notes
Turn   | Place    | Note
-------+----------+-------------------------------------------
     0 | D:1      | Trevise the Draconian Conjurer began the quest for the Orb.
     0 | D:1      | Reached XP level 1. HP: 14/14 MP: 3/3
   184 | D:1      | Identified 3 scrolls of acquirement
   184 | D:1      | Acquired a staff of conjuration
   188 | D:1      | Acquired the +0 hat of Zunexkuiho {Drain rC+++ Regen+
                  | Dex+2}
   195 | D:1      | Acquired 899 gold pieces
   303 | D:1      | Found a faded altar of an unknown god.
   378 | D:1      | Reached XP level 2. HP: 20/20 MP: 3/5
   381 | D:1      | Learned a level 2 spell: Searing Ray
  1642 | D:2      | You fall into a shaft and drop 1 floor!
  1670 | D:3      | Noticed Natasha
  1923 | D:2      | Reached skill level 3 in Spellcasting
  1923 | D:2      | Reached XP level 3. HP: 26/26 MP: 3/7
  2002 | D:2      | Noticed Jessica
  2005 | D:2      | Killed Jessica
  2426 | D:3      | Killed Natasha
  2427 | D:3      | Reached XP level 4. HP: 33/33 MP: 2/9
  2604 | D:3      | Reached skill level 4 in Spellcasting
  2633 | D:3      | Reached XP level 5. HP: 38/38 MP: 0/11
  2751 | D:3      | Noticed Natasha
  2760 | D:3      | Killed Natasha
  2810 | D:3      | Reached skill level 5 in Conjurations
  3215 | D:3      | Found Ymmy Ciutu's Antique Armour Shoppe.
  3333 | D:3      | Noticed Natasha
  3338 | D:3      | Killed Natasha
  3643 | D:4      | Found Tuuwolaw's General Store.
  3651 | D:4      | Reached skill level 5 in Spellcasting
  3651 | D:4      | Reached XP level 6. HP: 45/45 MP: 8/13
  3950 | D:4      | Found a snail-covered altar of Cheibriados.
  3963 | D:4      | Learned a level 4 spell: Fulminant Prism
  4072 | D:4      | Found Gamycsypi's Antique Armour Boutique.
  4144 | D:4      | Found Koenoidu's Book Boutique.
  4291 | D:4      | Found a shadowy altar of Dithmenos.
  4418 | D:4      | Found a burning altar of Makhleb.
  4429 | D:4      | Your scales start taking on an icy white colour.
  4429 | D:4      | Reached XP level 7. HP: 50/50 MP: 6/15
  4429 | D:4      | Gained mutation: Your flesh is cold resistant. (rC+) [White
                  | Draconian growth]
  4568 | D:4      | Bought Ozocubu's Autobiography for 312 gold pieces
  4572 | D:4      | Learned a level 3 spell: Ozocubu's Armour
  4693 | D:5      | Entered Level 5 of the Dungeon
  4697 | D:5      | Noticed Sigmund
  4704 | D:5      | Reached skill level 6 in Spellcasting
  4706 | D:5      | Killed Sigmund
  4707 | D:5      | Reached skill level 6 in Conjurations
  4707 | D:5      | Reached skill level 1 in Ice Magic
  4733 | D:4      | Reached skill level 2 in Ice Magic
  4965 | D:5      | Learned a level 4 spell: Iskenderun's Mystic Blast
  5291 | D:5      | Found a glowing silver altar of Zin.
  5484 | D:5      | Found a staircase to the Ecumenical Temple.
  5493 | Temple   | Entered the Ecumenical Temple
  5498 | Temple   | Became a worshipper of Sif Muna the Loreminder
  5965 | D:5      | Reached skill level 7 in Spellcasting
  5965 | D:5      | Reached skill level 3 in Ice Magic
  5965 | D:5      | Reached XP level 8. HP: 57/57 MP: 11/18
  6720 | D:6      | Reached skill level 7 in Conjurations
  6720 | D:6      | Reached skill level 4 in Ice Magic
  7811 | D:7      | Reached skill level 8 in Spellcasting
  7825 | D:7      | Reached * piety under Sif Muna
  7964 | D:7      | HP: 7/57 [steam dragon/ball of steam (19)]
  7966 | D:7      | Reached skill level 5 in Ice Magic
  8004 | D:6      | Reached XP level 9. HP: 38/62 MP: 2/21
  8426 | D:7      | Found Dackej's Jewellery Shoppe.
  8448 | D:7      | Reached skill level 9 in Spellcasting
  8560 | D:7      | Found a hazy altar of Hepliaklqana.
  8587 | D:7      | Reached skill level 6 in Ice Magic
  9053 | D:8      | Noticed Amaemon
  9053 | D:8      | Noticed an orange demon
  9060 | D:8      | Reached skill level 8 in Conjurations
  9065 | D:8      | Killed an orange demon
  9066 | D:8      | Killed Amaemon
  9067 | D:8      | Reached skill level 7 in Ice Magic
  9108 | D:8      | Reached skill level 10 in Spellcasting
  9302 | D:8      | Reached XP level 10. HP: 50/69 MP: 11/24
  9388 | D:8      | Noticed Maurice
  9408 | D:8      | Killed Maurice
  9499 | D:8      | Found a staircase to the Lair.
  9601 | D:8      | Reached ** piety under Sif Muna
  9620 | D:8      | Reached skill level 9 in Conjurations
  9635 | D:8      | Noticed Joseph
  9982 | D:8      | Killed Joseph
  9983 | D:8      | Reached skill level 8 in Ice Magic
 10067 | D:8      | Found a stormy altar of Qazlal.
 10110 | D:8      | Noticed Psyche
 10119 | D:8      | Killed Psyche
 10161 | D:8      | Reached skill level 1 in Invocations
 10407 | D:8      | Paralysed by a hornet for 2 turns
 10413 | D:8      | HP: 11/69 [hornet (7)]
 10414 | D:8      | HP: 1/69 [hornet (8)]
 10414 | D:8      | Slain by a hornet

Illustrated notes

Levels and vault maps discovered:
D:1:      minmay_arrival_hallway, layout_loops_corners, basic_ecumenical_altar,
          minmay_unequal
D:2:      layout_loops_ring, uniq_jessica
D:3:      layout_basic, serial_shops, nicolae_shop_advertising_works
          [nicolae_subvault_shop_adworks], minmay_shallow_snake_nest,
          uniq_natasha
D:4:      layout_rooms, grunt_dithmenos_smoke_and_mirrors,
          makhleb_blood_cavern_becter, slow_altar_1, serial_shops,
          nicolae_square_shop, nicolae_shop_temple_entry_statues_fountains,
          kennysheep_mini_moat, chequers_serial_rivers_large_a,
          minmay_fractal_squares_gapless_5
D:5:      layout_layer_cave, mainiacjoe_overflow_cross_hatched,
          lemuel_temple_firewalk_b, uniq_sigmund
D:6:      layout_basic
D:7:      layout_basic, nicolae_hepliaklqana_hazy_memory, serial_shops,
          nicolae_stop_n_shop_2
D:8:      layout_basic, nicolae_qazlal_style_of_elements,
          grunt_lair_entry_orc_guard_hut, uniq_amaemon, uniq_psyche,
          uniq_joseph, uniq_maurice
Temple:   nicolae_temple_bog_church

Skill      XL: |  1  2  3  4  5  6  7  8  9 10 |
---------------+-------------------------------+-----
Spellcasting   | 3 4 5 7 8 10 | 10.9
Conjurations   | 5 6 7 8 9 |  9.2
Ice Magic      | 3 5 7 8 |  8.2
Invocations    | 1 |  1.0
Dodging        | |  1.7
Stealth        | |  1.7

Action                   |  1- 3 |  4- 6 |  7- 9 | 10-12 || total
-------------------------+-------+-------+-------+-------++-------
Melee: Dagger            |    11 |       |       |       ||    11
       Staff             |    27 |     8 |    40 |     4 ||    79
       Tailslap          |     9 |       |     5 |     1 ||    15
       Punch             |       |       |     1 |     1 ||     2
 Cast: Magic Dart        |    47 |    56 |    67 |     5 ||   175
       Searing Ray       |     2 |    11 |    41 |    21 ||    75
       Fulminant Prism   |       |     1 |    19 |    13 ||    33
       Ozocubu's Armour  |       |       |     1 |       ||     1
       Iskenderun's Myst |       |       |     1 |     4 ||     5
  Use: Scroll            |     3 |       |       |       ||     3
Armor: Skin              |     9 |    12 |    52 |    22 ||    95
Dodge: Dodged            |    28 |    10 |    73 |    27 ||   138

Table legend: (Time is in decaauts)
 A = Elapsed time spent in this place.
 B = Non-inter-level travel time spent in this place.
 C = Inter-level travel time spent in this place.
 D = Time resting spent in this place.
 E = Time spent auto-exploring this place.
 F = Levels seen in this place.
 G = Mean time per level.
                   A        B        C        D        E       F      G
               +--------+--------+--------+--------+--------+-----+--------+
         Total |  10455 |  10175 |    280 |   1757 |   7264 |   9 | 1161.7 |
       Dungeon |  10442 |  10162 |    280 |   1757 |   7264 |   8 | 1305.2 |
        Temple |     13 |     13 |      0 |      0 |      0 |   1 |   13.0 |
               +--------+--------+--------+--------+--------+-----+--------+

Top non-repeatable levels by time:
     D:6: 1760 daAuts
     D:5: 1555 daAuts
     D:3: 1453 daAuts
     D:8: 1418 daAuts
     D:1: 1376 daAuts
     D:4: 1175 daAuts
     D:7: 877 daAuts
     D:2: 824 daAuts
  Temple: 13 daAuts

Table legend:
 A = Kills in this place as a percentage of kills in entire the game.
 B = Kills by you in this place as a percentage of kills by you in the entire game.
 C = Kills by friends in this place as a percentage of kills by friends in the entire game.
 D = Other kills in this place as a percentage of other kills in the entire game.
 E = Experience gained in this place as a percentage of experience gained in the entire game.
 F = Experience gained in this place divided by the number of levels of this place that you have seen.
                   A       B       C       D       E      F
               +-------+-------+-------+-------+-------+----------------------
         Total | 100.0 | 100.0 |   N/A |   N/A | 100.0 | 932.7
       Dungeon | 100.0 | 100.0 |   N/A |   N/A | 100.0 | 1049.2
               +-------+-------+-------+-------+-------+----------------------
